 Dungeon Crawl Stone Soup version 0.24.0-37-gcf1ca852f1 (webtiles) character file.

Game seed: 15804478358226451196, levelgen mode: deterministic

37 Descartes the Grasshopper (level 3, 0/16 HPs)
             Began as a Felid Warper on Nov 27, 2019.
             Splashed by a jelly's acid (7 damage)
             ... on level 2 of the Dungeon.
             The game lasted 00:02:58 (1364 turns).

Descartes the Grasshopper (Felid Warper)            Turns: 1364, Time: 00:02:59

Health: 0/16       AC: -3    Str:  8    XL:     3   Next: 21%
Magic:  5/7        EV: 19    Int: 14    God:
Gold:   29         SH:  0    Dex: 15    Spells: 2/6 levels left
                                        Lives:  0   Deaths: 0

rFire    . . .     SeeInvis +     - Unarmed
rCold    . . .     Gourm    .   (shield unavailable)
rNeg     . . .     Faith    .   (armour unavailable)
rPois    .         Spirit   .   (helmet unavailable)
rElec    .         Reflect  .   (cloak unavailable)
rCorr    .         Harm     .   (gloves unavailable)
MR       .....                  (boots unavailable)
Stlth    ++........             (no amulet)
HPRegen  0.05/turn              (no ring)
MPRegen  0.10/turn              (no ring)

@: shrouded, corroded, quick
A: very small, no armour, no weapons or thrown items, stealth, claws 1, fangs 3,
see invisible, carnivore, speed 1, shaggy fur 1, slow metabolism 1, sharp paws
a: no special abilities


You were on level 2 of the Dungeon.
You were completely stuffed.

You visited 1 branch of the dungeon, and saw 2 of its levels.

You collected 29 gold pieces.

Inventory:

Missiles
 a - 29 arrows
 f - 23 stones
Scrolls
 b - a scroll of blinking
 e - a scroll of fog {unknown}
 g - a scroll of teleportation {unknown}
 k - a scroll of fear {unknown}
Potions
 d - a potion of degeneration {unknown}
 h - a potion of agility {unknown}
 i - 2 potions of curing {unknown}
Comestibles
 c - 3 rations
 j - 3 chunks of flesh


   Skills:
 + Level 2.3 Fighting
 + Level 3.6 Dodging
 + Level 1.0 Stealth
 * Level 2.7 Unarmed Combat
 + Level 2.2 Spellcasting
 - Level 4.4 Translocations


You had 2 spell levels left.
You knew the following spells:

 Your Spells              Type           Power        Failure   Level  Hunger
a - Blink                 Tloc           N/A          6%          2    ###....
b - Shroud of Golubria    Chrm/Tloc      #.....       14%         2    ###....

Your spell library contained the following spells:

 Spells                   Type           Power        Failure   Level  Hunger
 Gell's Gravitas          Tloc           ##........   12%         3    ###....
 Lesser Beckoning         Tloc           ##........   12%         3    ###....
 Teleport Other           Tloc           ##......     12%         3    ###....
 Passage of Golubria      Tloc           N/A          36%         4    #####..


Dungeon Overview and Level Annotations

Branches:
Dungeon (2/15)

Altars:


Innate Abilities, Weirdness & Mutations

You cannot wear armour.
You are incapable of wielding weapons or throwing items.
Your paws allow you to move quietly. (Stealth)
You have sharp claws.
You have razor-sharp teeth.
You have supernaturally acute eyesight. (SInv)
You are carnivorous and can eat meat at any time.
You cover ground quickly.
You are covered in fur. (AC +1)
You have a slow metabolism.
Your sharp claws are effective at attacking unaware monsters.


Message History

You open the door.
There is an open door here.
Found a stone staircase leading up.
A jelly comes into view.
Casting: Shroud of Golubria (safe; 14% risk of failure)
Confirm with . or Enter, or press ? or * to list all spells.
Space distorts slightly along a thin shroud covering your body.
You pounce on the unaware helpless jelly!
You claw the jelly!
Your paws burn!
You bite the jelly.
The jelly is severely wounded.
The jelly completely misses you.
You scratch the jelly. The acid corrodes you!
Your paws burn!
The jelly is almost dead.
The jelly completely misses you.
You scratch the jelly but do no damage.
Your paws burn!
The jelly is almost dead.
The jelly barely misses you.
You are too injured to fight recklessly!
The jelly hits you.
You are splashed with acid!
You die...

..........#
..........########
..........'......#
..........######.#
..........'..# #.#
..........##.# #.#
..........##.# #.#
..........##.# #.#
..........##.###@##
..............J.#
##########.######
..<. #####


You could see a jelly.

Vanquished Creatures
  A worm (D:2)
  3 dart slugs (D:1)
  A leopard gecko (D:1)
  3 bats (D:1)
  5 goblins (D:1)
  4 hobgoblins
  2 jackals (D:2)
  3 frilled lizards
  4 kobolds
  2 rats (D:1)
28 creatures vanquished.

Notes
Turn   | Place    | Note
-------+----------+-------------------------------------------
     0 | D:1      | Descartes the Felid Warper began the quest for the Orb.
     0 | D:1      | Reached XP level 1. HP: 9/9 MP: 4/4
   270 | D:1      | Reached XP level 2. HP: 13/13 MP: 6/6
   991 | D:2      | Learned a level 2 spell: Blink
   994 | D:2      | Learned a level 2 spell: Shroud of Golubria
  1009 | D:2      | Reached XP level 3. HP: 9/16 MP: 5/7
  1310 | D:2      | Reached skill level 1 in Stealth
  1364 | D:2      | Splashed by a jelly's acid

Levels and vault maps discovered:
D:1:      minmay_arrival_widening_spiral_wide, layout_loops_corners
D:2:      layout_basic, overflow_temple_1_default, overflow_temple_1_default

Skill      XL: |  1  2  3 |
---------------+----------+-----
Stealth        | 1 |  1.0
Fighting       | |  2.3
Dodging        | |  3.6
Unarmed Combat | |  2.7
Spellcasting   | |  2.2
Translocations | |  4.4

Action                   || total
-------------------------++-------
Melee: Unarmed           ||    97
       Bite              ||     9
       Punch             ||     1
 Cast: Shroud of Golubri ||     3
       Blink             ||     1
 Stab: Sleeping          ||     5
  Eat: Chunk             ||     8
Armor: Skin              ||     2
Dodge: Dodged            ||    66
